 Dungeon Crawl Stone Soup version 0.30-a0-928-g7f6bbad527 (webtiles) character file.

Game seed: 12423486330890279185

434 Morbidden the Insei (level 6, -5/48 (49) HPs)
             Began as a Demonspawn Monk on Mar 23, 2023.
             Slain by a wight
             ... wielding a +3 halberd
              (16 damage)
             ... on level 6 of the Dungeon.
             The game lasted 00:03:47 (2524 turns).

Morbidden the Insei (Demonspawn Monk)               Turns: 2524, Time: 00:03:48

HP:   -5/48 (49)    AC:  7    Str: 12    XL:     6   Next: 68%
MP:   8/8           EV: 11    Int: 13    God:
Gold: 139           SH:  0    Dex: 15    Spells: 7/8 levels left

rFire   . . .      SeeInvis .      - Unarmed
rCold   + . .      Faith    .    (no shield)
rNeg    . . .      Spirit   .    c - +1 ring mail {rC+}
rPois   .          Reflect  .    (helmet restricted)
rElec   .          Rampage  .    (no cloak)
rCorr   .                        (no gloves)
Will    .....                    (no boots)
Stlth   +                        (no amulet)
HPRegen 0.28/turn                d - ring of flight
MPRegen 0.11/turn                (no ring)

@: flying, lightly drained
A: horns 1, rugged brown scales 1, demonic guardian 1
a: no special abilities


You were on level 6 of the Dungeon.
You visited 1 branch of the dungeon, and saw 4 of its levels.

You collected 139 gold pieces.

Inventory:

Missiles
 e - 14 poisoned darts (quivered)
Armour
 c - a +1 ring mail of cold resistance (worn)
Jewellery
 b - an amulet of the acrobat
 d - a ring of flight (left hand)
Wands
 j - a wand of charming (9)
Scrolls
 a - a scroll of fog {unknown}
 i - 3 scrolls of teleportation {unknown}
 k - 3 scrolls of identify {unknown}
 m - 2 scrolls of immolation {unknown}
Potions
 f - a potion of attraction
 g - 2 potions of lignification
 h - a potion of curing
 l - a potion of resistance {unknown}


   Skills:
 * Level 3.8 Fighting
 * Level 3.0 Armour
 + Level 3.2 Dodging
 + Level 1.7 Stealth
 * Level 4.6 Unarmed Combat
 * Level 1.5 Spellcasting
 * Level 1.3 Ice Magic


You had 7 spell levels left.
You knew the following spells:

 Your Spells              Type           Power      Damage    Failure   Level
a - Freeze                Ice            16%        1d4       32%         1

Your spell library contained the following spells:

 Spells                   Type           Power      Damage    Failure   Level
 Frozen Ramparts          Ice            8%         1d2       69%         3
 Hailstorm                Conj/Ice       2%         3d3       78%         3


Dungeon Overview and Level Annotations

Branches:
Dungeon (3/15)

Altars:
Cheibriados
Makhleb


Innate Abilities, Weirdness & Mutations

You have a pair of small horns on your head.
You are partially covered in rugged brown scales. (AC +1, +3% HP)
A weak demonic guardian rushes to your aid.


Message History

You hear some strange, mumbled words.
You are confused.
You're too confused to move!
The wight barely misses you. Something hits you.
The orc hits the bush with a +0 hand axe.
The wight hits the bush but does no damage.
You hear a splashing noise.
You bump into the tree.
Something hits you.
The wight hits something with a +3 dire flail!
You hit the bush but do no damage.
The bush is lightly damaged.
You bump into the tree.
Something hits you but does no damage. The orc hits you with a +0 hand axe.
You bump into the tree.
Something hits you but does no damage. The orc hits you with a +0 hand axe.
You bump into the tree.
You feel less confused. Something hits you but does no damage.
The orc closely misses you.
You hit the bush but do no damage.
The bush is lightly damaged.
You hear some strange, mumbled words.
A puff of flame appears from out of thin air!
The puff of flame hits you.
You hit something. Your headbutt misses something. The wight barely misses you.
Something hits you but does no damage.
You closely miss something.
The wight hits you from afar with a +3 halberd!
Something hits you but does no damage.
A wight comes into view. It is wielding a +0 scimitar.
You miss something.
The wight hits you from afar with a +3 halberd.
Something hits you but does no damage.
You hit something. You headbutt something.
The wight hits you from afar with a +3 halberd.
You feel drained.
* * * LOW HITPOINT WARNING * * *
Something hits you.
* * * LOW HITPOINT WARNING * * *
You barely miss something.
The wight hits you from afar with a +3 halberd!
You die...

#.#.# #.####### . #.#.#
####.##≈~.P♣♣♣P. #.#.#
#......~~P..P.. #.#.#
#.##......♣♣.♣♣
#.#.####.#####P.♣♣P.P♣♣
#......).### #♣.♣....P♣.
###....)...###♣ozz._....
########....♣{♣....P♣.
####.P@♣♣P.P♣♣ #..PP♣ ♣♣
#.~~P.. ##≈~.P♣♣ ######


You could see a wight and an orc.

Vanquished Creatures
  A scorpion (D:6)
  3 wights (D:6)
  A hound (D:6)
  An orc priest (D:6)
  A sleepcap (D:6)
  4 adders
  A white imp (D:6)
  4 worms (D:2)
  6 orcs (D:6)
  6 ball pythons
  6 bats
  5 endoplasms
  6 giant cockroaches
  4 goblins
  4 hobgoblins
  3 jackals (D:2)
  2 quokkas
  3 frilled lizards
  6 kobolds
  7 rats
74 creatures vanquished.

Vanquished Creatures (collateral kills)
  A worm (D:2)
  An orc (D:6)
  A goblin (D:2)
3 creatures vanquished.

Vanquished Creatures (others)
  3 bushes (D:6)
  A butterfly (D:6)
4 creatures vanquished.

Grand Total: 81 creatures vanquished

Notes
Turn   | Place    | Note
-------+----------+-------------------------------------------
     0 | D:1      | Morbidden the Demonspawn Monk began the quest for the Orb.
     0 | D:1      | Reached XP level 1. HP: 18/18 MP: 1/1
   254 | D:1      | Gained mutation: You have a pair of small horns on your
                  | head. [demonic ancestry]
   254 | D:1      | Reached XP level 2. HP: 23/24 MP: 2/2
   464 | D:1      | Reached skill level 1 in Armour
   779 | D:2      | Reached skill level 3 in Unarmed Combat
   791 | D:2      | Reached XP level 3. HP: 25/29 MP: 3/3
   899 | D:2      | Learned a level 1 spell: Freeze
   976 | D:2      | Gained mutation: A weak demonic guardian rushes to your
                  | aid. [demonic ancestry]
   976 | D:2      | Reached XP level 4. HP: 20/35 MP: 5/5
  1669 | D:3      | Identified the +1 mace of Shrieking Terror {flame, rN+}
  1826 | D:3      | You are sucked into a shaft and drop 3 floors!
  1830 | D:6      | Found a snail-covered altar of Cheibriados.
  1834 | D:6      | Found a burning altar of Makhleb.
  1922 | D:6      | Gained mutation: You are partially covered in rugged brown
                  | scales. (AC +1, +3% HP) [demonic ancestry]
  1922 | D:6      | Reached XP level 5. HP: 15/42 MP: 6/6
  2192 | D:6      | Reached skill level 4 in Unarmed Combat
  2192 | D:6      | Reached skill level 1 in Spellcasting
  2233 | D:6      | Reached skill level 1 in Ice Magic
  2233 | D:6      | Reached XP level 6. HP: 28/49 MP: 7/7
  2524 | D:6      | Slain by a wight

Illustrated notes

Levels and vault maps discovered:
D:1:      elethiomel_arrival_shortcut, layout_basic, minmay_misc_feat_alley,
          dreamdust_wishing_well
D:2:      layout_loops_ring
D:3:      layout_rooms, worldfamousw_hep_ancestral_shrine, marbit_many_paths,
          uniq_ijyb, uniq_terence
D:6:      layout_loops_ring, nicolae_elyvilon_peaceful_grove,
          nicolae_overflow_hidden_temple, kennysheep_mini_moat,
          grunt_ministairs_8

Skill      XL: |  1  2  3  4  5  6 |
---------------+-------------------+-----
Dodging        | 3 |  3.2
Armour         | 1 2 3 |  3.0
Unarmed Combat | 3 4 |  4.6
Spellcasting   | 1 |  1.5
Ice Magic      | 1 |  1.3
Fighting       | |  3.8
Stealth        | |  1.7

Action                     |  1- 3 |  4- 6 || total
---------------------------+-------+-------++-------
  Melee: Unarmed           |   158 |   146 ||   304
         Punch             |     4 |     7 ||    11
         Headbutt          |    16 |    27 ||    43
    Use: Potion            |       |     4 ||     4
   Stab: Sleeping          |     2 |       ||     2
 Armour: Ring mail         |    54 |    38 ||    92
         Robe              |     2 |       ||     2
         Skin              |       |     9 ||     9
  Dodge: Dodged            |    89 |    82 ||   171

Table legend: (Time is in decaauts)
 A = Elapsed time spent in this place.
 B = Non-inter-level travel time spent in this place.
 C = Inter-level travel time spent in this place.
 D = Time resting spent in this place.
 E = Time spent auto-exploring this place.
 F = Levels seen in this place.
 G = Mean time per level.
                   A        B        C        D        E       F      G
               +--------+--------+--------+--------+--------+-----+--------+
         Total |   2505 |   2433 |     72 |    310 |   1430 |   4 |  626.2 |
       Dungeon |   2505 |   2433 |     72 |    310 |   1430 |   4 |  626.2 |
               +--------+--------+--------+--------+--------+-----+--------+

Top non-repeatable levels by time:
     D:2: 842 daAuts
     D:1: 766 daAuts
     D:6: 692 daAuts
     D:3: 204 daAuts
